 Dungeon Crawl Stone Soup version 0.21.1-1-g345015f (webtiles) character file.

56 inc the Conjurer (level 3, -2/14 HPs)
             Began as a Felid Wizard on Mar 2, 2018.
             Slain by a hobgoblin
             ... wielding a +0 club
             ... led by Robin
              (7 damage)
             ... on level 3 of the Dungeon.
             The game lasted 00:05:09 (1907 turns).

inc the Conjurer (Felid Wizard)                     Turns: 1907, Time: 00:05:10

Health: -2/14      AC:  1    Str:  3    XL:     3   Next: 71%
Magic:  8/8        EV: 17    Int: 20    God:
Gold:   60         SH:  0    Dex: 14    Spells: 7/8 levels left
                                        Lives:  0   Deaths: 0

rFire    . . .     SeeInvis +   (weapon unavailable)
rCold    . . .     Gourm    .   (shield unavailable)
rNeg     . . .     Faith    .   (armour unavailable)
rPois    .         Spirit   .   (helmet unavailable)
rElec    .         Reflect  .   (cloak unavailable)
rCorr    .         Harm     .   (gloves unavailable)
MR       .....                  (boots unavailable)
Stlth    +++.......             (no amulet)
HPRegen  0.04/turn              i - ring of stealth
MPRegen  0.11/turn              (no ring)

@: flying, very slightly contaminated, invisible, quick
A: very small, no armour, no weapons or thrown items, stealth, claws 1, fangs 3,
see invisible, carnivore, speed 1, shaggy fur 1, slow metabolism 1, sharp paws
a: no special abilities


You were on level 3 of the Dungeon.
You were hungry.

You visited 1 branch of the dungeon, and saw 4 of its levels.

You collected 60 gold pieces.

Inventory:

Jewellery
 i - a ring of stealth (left paw)
Wands
 m - a wand of iceblast (8)
Scrolls
 e - a scroll of random uselessness {unknown}
 g - 2 scrolls of identify {unknown}
 h - a scroll of remove curse {unknown}
 k - a scroll of teleportation {unknown}
Potions
 l - a potion of magic
 n - a potion of invisibility
Books
 a - a book of Minor Magic

   Spells                             Type                      Level
   a - Magic Dart                     Conjuration                  1
   b - Blink                          Translocation                2
   c - Call Imp                       Summoning                    2
   d - Slow                           Hexes                        2
   e - Conjure Flame                  Conjuration/Fire             3
   f - Mephitic Cloud                 Conjuration/Poison/Air       3
Comestibles
 b - 3 rations


   Skills:
 - Level 2.6 Dodging
 - Level 2.6 Stealth
 - Level 3.0 Spellcasting
 + Level 3.3 Conjurations
   Level 1.0 Summonings
   Level 1.5 Translocations


You had 7 spell levels left.
You knew the following spells:

 Your Spells              Type           Power        Failure   Level  Hunger
a - Magic Dart            Conj           ###.         3%          1    None


Dungeon Overview and Level Annotations

Branches:
Dungeon (4/15)
 Temple: D:4-7

Altars:
Elyvilon
Fedhas
Wu Jian

Annotations:
D:2 Natasha, Sigmund
D:3 Robin


Innate Abilities, Weirdness & Mutations

You cannot wear armour.
You are incapable of wielding weapons or throwing items.
Your paws allow you to move quietly. (Stealth)
You have sharp claws.
You have razor-sharp teeth.
You have supernaturally acute eyesight. (SInv)
You are carnivorous and can eat meat at any time.
You cover ground quickly.
You are covered in fur. (AC +1)
You have a slow metabolism.
Your sharp claws are effective at attacking unaware monsters.


Message History

The orc is lightly wounded.
The orc hits you with an enchanted mace.
* * * LOW HITPOINT WARNING * * *
The hobgoblin completely misses you.
A hobgoblin comes into view.
You scratch the orc but do no damage. You bite the orc, but do no damage.
The orc is lightly wounded.
The orc closely misses you. The hobgoblin misses you.
You scratch the orc but do no damage.
The orc is lightly wounded.
The orc completely misses you.
You scratch the orc but do no damage.
The orc is lightly wounded.
The hobgoblin barely misses you. The orc misses you.
You catch the helpless orc completely off-guard!
You scratch the orc.
The orc is heavily wounded.
The hobgoblin hits you with a club!
Ouch! That really hurt!
You die...

#..g.######.##
#...#### ##.#.## ..).
#.###g# ## ##.#).#
##.#g# ###.#######.#
#.>g........#
##########g....#######
#...go@gggg....#
#.########g....#
#.########.....#
#....og.g....###
##########.#.# #.#.#
#.#.# #########.#.#
............#


You could see Robin, an orc, 4 hobgoblins and 2 goblins.

Vanquished Creatures
  2 adders
  2 leopard geckos
  3 giant cockroaches
  5 hobgoblins
  A jackal (D:2)
  3 bats
  A frilled lizard (D:2)
  9 goblins
  A kobold (D:1)
  7 rats
34 creatures vanquished.

Notes
Turn   | Place    | Note
-------+----------+-------------------------------------------
     0 | D:1      | inc the Felid Wizard began the quest for the Orb.
     0 | D:1      | Reached XP level 1. HP: 7/7 MP: 5/5
     6 | D:1      | Reached skill level 1 in Conjurations
   303 | D:1      | Reached XP level 2. HP: 11/11 MP: 2/7
   860 | D:2      | Found an ornate altar of the Wu Jian Council.
  1080 | D:2      | Reached XP level 3. HP: 14/14 MP: 2/8
  1304 | D:2      | Noticed Natasha
  1320 | D:2      | Found a white marble altar of Elyvilon.
  1563 | D:2      | Noticed Sigmund
  1681 | D:3      | Found a blossoming altar of Fedhas.
  1846 | D:3      | Noticed Robin
  1907 | D:3      | Slain by a hobgoblin

Skill      XL: |  1  2  3 |
---------------+----------+-----
Conjurations   | 1 2 3 |  3.3
Dodging        | |  2.6
Stealth        | |  2.6
Spellcasting   | |  3.0
Summonings     | |  1.0
Translocations | |  1.5

Action                   || total
-------------------------++-------
Melee: Unarmed           ||    23
       Bite              ||     3
 Cast: Magic Dart        ||    97
  Use: Potion            ||     6
 Stab: Sleeping          ||     2
       Invisible         ||     1
Armor: Skin              ||     3
Dodge: Dodged            ||    54
